TOP OF THE 1ST |
Newport News HS Paints batting - Pitching for Oceanside HS Pirates : LHP Randy Leonard
|
Pitching: LHP Randy Leonard
|
|
Batting: SHB Tommy Goodman
|
0-0: Ball 1-0: Ball 2-0: Called Strike 2-1: Fly out, F7 (Flyball, 7)
|
Batting: LHB Mark Wilson
|
0-0: SINGLE (Groundball, 2R) (infield hit)
|
Batting: RHB Arthur Wilson
|
0-0: Called Strike 0-1: Ball 1-1: Foul Ball, location: 2F 1-2: Foul Ball, location: 2F 1-2: Ball 2-2: Foul Ball, location: 2F 2-2: Ball 3-2: Fly out, F5 (Popup, 5D)
|
Batting: LHB William Donnelly
|
0-0: Fly out, F5 (Popup, 56)
|
Top of the 1st over - 0 run(s), 1 hit(s), 0 error(s), 1 left on base; Newport News HS 0 - Oceanside HS 0 |
BOTTOM OF THE 1ST |
Oceanside HS Pirates batting - Pitching for Newport News HS Paints : RHP Rourke Knocker
|
Pitching: RHP Rourke Knocker
|
|
Batting: LHB Ron Young
|
0-0: Called Strike 0-1: Foul Ball, location: 2F 0-2: Fly out, F7 (Flyball, 7LS)
|
Batting: RHB Howard Brown
|
0-0: Ball 1-0: Swinging Strike 1-1: Ball 2-1: Foul Ball, location: 2F 2-2: Ball 3-2: Base on Balls
|
Batting: RHB Norm Walker
|
0-0: Called Strike 0-1: Ball 1-1: Called Strike 1-2: Foul Ball, location: 2F 1-2: Foul Ball, location: 2F 1-2: Ball 2-2: Ball 3-2: Fly out, F3 (Popup, 3S)
|
Batting: RHB Heath Jones
|
0-0: Called Strike 0-1: DOUBLE (Groundball, 5L) Howard Brown to third Runner from 3rd tries for Home, throw and OUT!
|
Bottom of the 1st over - 0 run(s), 1 hit(s), 0 error(s), 1 left on base; Newport News HS 0 - Oceanside HS 0 |
TOP OF THE 2ND |
Newport News HS Paints batting - Pitching for Oceanside HS Pirates : LHP Randy Leonard
|
Batting: RHB Seth O'Toole
|
0-0: Ball 1-0: Foul Ball, location: 2F 1-1: Foul Ball, location: 2F 1-2: Foul Ball, location: 2F 1-2: Strikes out looking
|
Batting: RHB Brian Hoover
|
0-0: Ball 1-0: Ball 2-0: Ground out 5-3 (Groundball, 56)
|
Batting: RHB Dave O'Higgins
|
0-0: Swinging Strike 0-1: Ball 1-1: Foul Ball, location: 2F 1-2: Strikes out swinging
|
Top of the 2nd over - 0 run(s), 0 hit(s), 0 error(s), 0 left on base; Newport News HS 0 - Oceanside HS 0 |
BOTTOM OF THE 2ND |
Oceanside HS Pirates batting - Pitching for Newport News HS Paints : RHP Rourke Knocker
|
Batting: LHB Frank Byrd
|
0-0: Ball 1-0: Foul Ball, location: 2F 1-1: Ground out 3-1 (Groundball, 34S)
|
Batting: RHB Luis Viña
|
0-0: Swinging Strike 0-1: Swinging Strike 0-2: Ground out 6-3 (Groundball, 6)
|
Batting: RHB Pancho Rodríguez
|
0-0: Ball 1-0: Ball 2-0: Fly out, F9 (Flyball, 9)
|
Bottom of the 2nd over - 0 run(s), 0 hit(s), 0 error(s), 0 left on base; Newport News HS 0 - Oceanside HS 0 |
TOP OF THE 3RD |
Newport News HS Paints batting - Pitching for Oceanside HS Pirates : LHP Randy Leonard
|
Batting: RHB Todd McDaniel
|
0-0: Foul Ball, location: 2F 0-1: Swinging Strike 0-2: Foul Ball, location: 2F 0-2: Ball 1-2: Ball 2-2: Foul Ball, location: 2F 2-2: Ball 3-2: Foul Ball, location: 2F 3-2: SINGLE (Flyball, 78M)
|
Batting: SHB Craig Young
|
0-0: Called Strike 0-1: Foul Ball, location: 2F 0-2: Ball 1-2: Strikes out swinging
|
Batting: SHB Tommy Goodman
|
0-0: Called Strike 0-1: Grounds into double play, 6-4-3 (Groundball, 6)
|
Top of the 3rd over - 0 run(s), 1 hit(s), 0 error(s), 0 left on base; Newport News HS 0 - Oceanside HS 0 |
BOTTOM OF THE 3RD |
Oceanside HS Pirates batting - Pitching for Newport News HS Paints : RHP Rourke Knocker
|
Batting: RHB Danny Boykins
|
0-0: SINGLE (Groundball, 56D)
|
Batting: RHB Henry Rose
|
0-0: Ball 1-0: Foul Ball, location: 2F 1-1: Ball 2-1: Ball 3-1: Foul Ball, location: 2F 3-2: Base on Balls Danny Boykins to second
|
Batting: LHB Ron Young
|
0-0: Ball 1-0: Ball 2-0: Ball Wild Pitch! Danny Boykins to third Henry Rose to second 3-0: Base on Balls
|
Batting: RHB Howard Brown
|
0-0: Called Strike 0-1: Fly out, F9 (Flyball, 9S)
|
Batting: RHB Norm Walker
|
0-0: Ball 1-0: Ground out 6-3 (Groundball, 6MD) Danny Boykins scores Henry Rose to third Ron Young to second
|
Batting: RHB Heath Jones
|
0-0: DOUBLE (Line Drive, 78M) Henry Rose scores Ron Young scores
|
Batting: LHB Frank Byrd
|
0-0: Called Strike 0-1: Foul Ball, location: 2F 0-2: Ball 1-2: Foul Ball, location: 2F 1-2: Foul Ball, location: 2F 1-2: Ball 2-2: Ball 3-2: SINGLE (Groundball, 34D) Heath Jones to third Heath Jones scores
|
Batting: RHB Luis Viña
|
0-0: Called Strike 0-1: Swinging Strike 0-2: Ball 1-2: Ball 2-2: Ball 3-2: Strikes out looking
|
Bottom of the 3rd over - 4 run(s), 3 hit(s), 0 error(s), 1 left on base; Newport News HS 0 - Oceanside HS 4 |
TOP OF THE 4TH |
Newport News HS Paints batting - Pitching for Oceanside HS Pirates : LHP Randy Leonard
|
Batting: LHB Mark Wilson
|
0-0: Foul Ball, location: 2F 0-1: SOLO HOME RUN (Flyball, 9D), Distance : 403 ft
|
Batting: RHB Arthur Wilson
|
0-0: Ball 1-0: Called Strike 1-1: Called Strike 1-2: SINGLE (Groundball, 4MD)
|
Batting: LHB William Donnelly
|
0-0: Ball 1-0: Ball 2-0: Foul Ball, location: 2F 2-1: Foul Ball, location: 2F 2-2: Foul Ball, location: 2F 2-2: Ball 3-2: DOUBLE (Line Drive, 8RXD) Arthur Wilson to third Runner from 3rd tries for Home, SAFE, no throw
|
Batting: RHB Seth O'Toole
|
0-0: Called Strike 0-1: Ball 1-1: Ball 2-1: Swinging Strike 2-2: Foul Ball, location: 2F 2-2: Strikes out swinging
|
Batting: RHB Brian Hoover
|
0-0: Called Strike 0-1: Swinging Strike 0-2: Ball 1-2: Ball 2-2: Foul Ball, location: 2F 2-2: Strikes out looking
|
Batting: RHB Dave O'Higgins
|
0-0: Hit by Pitch
|
Pinch Runner at 1st Ken Noble:
|
|
Batting: RHB Todd McDaniel
|
0-0: Swinging Strike 0-1: Ball 1-1: Foul Ball, location: 2F 1-2: Strikes out swinging
|
Top of the 4th over - 2 run(s), 3 hit(s), 0 error(s), 2 left on base; Newport News HS 2 - Oceanside HS 4 |
BOTTOM OF THE 4TH |
Oceanside HS Pirates batting - Pitching for Newport News HS Paints : RHP Rourke Knocker
|
Now at C: Ken Noble
|
|
Batting: RHB Pancho Rodríguez
|
0-0: Ball 1-0: DOUBLE (Flyball, 8LM)
|
Batting: RHB Danny Boykins
|
0-0: Swinging Strike 0-1: Fly out, F6 (Line Drive, 6)
|
Batting: RHB Henry Rose
|
0-0: Called Strike 0-1: Ground out U3 (Groundball, 3S) Pancho Rodríguez to third
|
Batting: LHB Ron Young
|
0-0: Ball 1-0: Foul Ball, location: 2F 1-1: Foul Ball, location: 2F 1-2: Foul Ball, location: 2F 1-2: DOUBLE (Groundball, 3L) Pancho Rodríguez scores
|
Batting: RHB Howard Brown
|
0-0: Foul Ball, location: 2F 0-1: Reached on error, E6 (Groundball, 6) Ron Young to third
|
Batting: RHB Norm Walker
|
0-0: Ball 1-0: Ball 2-0: Called Strike 2-1: Ball 3-1: SINGLE (Groundball, 6MD) Ron Young scores Howard Brown to second
|
Pitching: RHP Juan Gabriel
|
|
Batting: RHB Heath Jones
|
0-0: Foul Ball, location: 2F 0-1: Ground out 1-3 (Groundball, 13)
|
Bottom of the 4th over - 2 run(s), 3 hit(s), 1 error(s), 2 left on base; Newport News HS 2 - Oceanside HS 6 |
TOP OF THE 5TH |
Newport News HS Paints batting - Pitching for Oceanside HS Pirates : LHP Randy Leonard
|
Batting: SHB Craig Young
|
0-0: Called Strike 0-1: Foul Ball, location: 2F 0-2: Strikes out swinging
|
Batting: SHB Tommy Goodman
|
0-0: Called Strike 0-1: Fly out, F8 (Flyball, 8RM)
|
Batting: LHB Mark Wilson
|
0-0: Foul Ball, location: 2F 0-1: Foul Ball, location: 2F 0-2: Foul Ball, location: 2F 0-2: Ball 1-2: Ball 2-2: Fly out, F1 (Line Drive, 13)
|
Top of the 5th over - 0 run(s), 0 hit(s), 0 error(s), 0 left on base; Newport News HS 2 - Oceanside HS 6 |
BOTTOM OF THE 5TH |
Oceanside HS Pirates batting - Pitching for Newport News HS Paints : RHP Juan Gabriel
|
Batting: LHB Frank Byrd
|
0-0: Ball 1-0: Ball 2-0: Fly out, F9 (Flyball, 9LSF)
|
Batting: RHB Luis Viña
|
0-0: Ball 1-0: Foul Ball, location: 2F 1-1: Called Strike 1-2: Strikes out swinging
|
Batting: RHB Pancho Rodríguez
|
0-0: Ball 1-0: Ground out 5-3 (Groundball, 56S)
|
Bottom of the 5th over - 0 run(s), 0 hit(s), 0 error(s), 0 left on base; Newport News HS 2 - Oceanside HS 6 |
TOP OF THE 6TH |
Newport News HS Paints batting - Pitching for Oceanside HS Pirates : LHP Randy Leonard
|
Pitching: RHP Nick Green
|
|
Batting: RHB Arthur Wilson
|
0-0: Foul Ball, location: 2F 0-1: Swinging Strike 0-2: Strikes out swinging
|
Batting: LHB William Donnelly
|
0-0: Foul Ball, location: 2F 0-1: Ball 1-1: Ground out U3 (Groundball, 34)
|
Batting: RHB Seth O'Toole
|
0-0: Ball 1-0: Called Strike 1-1: Ball 2-1: Foul Ball, location: 2F 2-2: Ball 3-2: Fly out, F9 (Flyball, 9)
|
Top of the 6th over - 0 run(s), 0 hit(s), 0 error(s), 0 left on base; Newport News HS 2 - Oceanside HS 6 |
BOTTOM OF THE 6TH |
Oceanside HS Pirates batting - Pitching for Newport News HS Paints : RHP Juan Gabriel
|
Batting: RHB Danny Boykins
|
0-0: Ball 1-0: Called Strike 1-1: Foul Ball, location: 2F 1-2: Foul Ball, location: 2F 1-2: Ground out 6-3 (Groundball, 6)
|
Batting: RHB Henry Rose
|
0-0: Called Strike 0-1: Ball 1-1: Ball 2-1: Called Strike 2-2: SINGLE (Groundball, 56S) (infield hit)
|
Batting: LHB Ron Young
|
0-0: SINGLE (Groundball, 34S) (infield hit) Henry Rose to second
|
Batting: RHB Howard Brown
|
0-0: Called Strike 0-1: Ball 1-1: Foul Ball, location: 2F 1-2: Ball 2-2: Ball 3-2: Foul Ball, location: 2F 3-2: Grounds into double play, 6-4-3 (Groundball, 6)
|
Bottom of the 6th over - 0 run(s), 2 hit(s), 0 error(s), 1 left on base; Newport News HS 2 - Oceanside HS 6 |
TOP OF THE 7TH |
Newport News HS Paints batting - Pitching for Oceanside HS Pirates : RHP Nick Green
|
Batting: RHB Brian Hoover
|
0-0: Foul Ball, location: 2F 0-1: Foul Ball, location: 2F 0-2: Ball 1-2: Foul Ball, location: 2F 1-2: Ball 2-2: Ball 3-2: SOLO HOME RUN (Flyball, 8RXD), Distance : 449 ft
|
Batting: LHB Ken Noble
|
0-0: Ball 1-0: Fly out, F7 (Flyball, 7)
|
Batting: RHB Todd McDaniel
|
0-0: Ball 1-0: Foul Ball, location: 2F 1-1: Ball 2-1: SINGLE (Groundball, 6MD)
|
Batting: SHB Craig Young
|
0-0: Swinging Strike 0-1: Ball 1-1: Foul Ball, location: 2F 1-2: Ball 2-2: Foul Ball, location: 2F 2-2: SINGLE (Line Drive, 7LS) Todd McDaniel to second
|
Batting: SHB Tommy Goodman
|
0-0: Ball 1-0: Foul Ball, location: 2F 1-1: SINGLE (Groundball, 4MD) Todd McDaniel to third Craig Young to second
|
Batting: LHB Mark Wilson
|
0-0: Swinging Strike 0-1: Grounds into double play, 4-6-3 (Groundball, 4D)
|
Top of the 7th over - 1 run(s), 4 hit(s), 0 error(s), 2 left on base; Newport News HS 3 - Oceanside HS 6 |
BOTTOM OF THE 7TH |
Oceanside HS Pirates batting - Pitching for Newport News HS Paints : RHP Juan Gabriel
|
Batting: RHB Norm Walker
|
0-0: Called Strike 0-1: Swinging Strike 0-2: Strikes out swinging
|
Batting: RHB Heath Jones
|
0-0: Foul Ball, location: 2F 0-1: SINGLE (Flyball, 56D)
|
Batting: LHB Frank Byrd
|
0-0: Ball 1-0: Ball 2-0: Called Strike 2-1: Ball 3-1: Swinging Strike 3-2: Strikes out swinging
|
Batting: RHB Luis Viña
|
0-0: Fielders Choice at 2nd, 6-4 (Groundball, 6)
|
Bottom of the 7th over - 0 run(s), 1 hit(s), 0 error(s), 0 left on base; Newport News HS 3 - Oceanside HS 6 |
TOP OF THE 8TH |
Newport News HS Paints batting - Pitching for Oceanside HS Pirates : RHP Nick Green
|
Batting: RHB Arthur Wilson
|
0-0: Ball 1-0: Called Strike 1-1: Called Strike 1-2: Foul Ball, location: 2F 1-2: Ball 2-2: Strikes out swinging
|
Batting: LHB William Donnelly
|
0-0: Foul Ball, location: 2F 0-1: Ball 1-1: Ball 2-1: Ball 3-1: Called Strike 3-2: Base on Balls
|
Batting: RHB Seth O'Toole
|
0-0: Called Strike 0-1: Foul Ball, location: 2F 0-2: Ball 1-2: Ball 2-2: Foul Ball, location: 2F 2-2: SINGLE (Groundball, 6MD) William Donnelly to second
|
Pitching: RHP Tim Rogers
|
|
Batting: RHB Brian Hoover
|
0-0: Called Strike 0-1: Ball 1-1: Ball 2-1: Swinging Strike 2-2: Strikes out looking
|
Pitching: LHP Henry Bell
|
|
Batting: LHB Ken Noble
|
0-0: Called Strike 0-1: Foul Ball, location: 2F 0-2: Ground out 4-3 (Groundball, 4MS)
|
Top of the 8th over - 0 run(s), 1 hit(s), 0 error(s), 2 left on base; Newport News HS 3 - Oceanside HS 6 |
BOTTOM OF THE 8TH |
Oceanside HS Pirates batting - Pitching for Newport News HS Paints : RHP Juan Gabriel
|
Batting: RHB Pancho Rodríguez
|
0-0: Called Strike 0-1: Ball 1-1: Called Strike 1-2: Foul Ball, location: 2F 1-2: Strikes out swinging
|
Batting: RHB Danny Boykins
|
0-0: Foul Ball, location: 2F 0-1: Foul Ball, location: 2F 0-2: Foul Ball, location: 2F 0-2: Ball 1-2: Strikes out swinging
|
Pitching: RHP Robby Robinson
|
|
Batting: RHB Henry Rose
|
0-0: Called Strike 0-1: Called Strike 0-2: Strikes out looking
|
Bottom of the 8th over - 0 run(s), 0 hit(s), 0 error(s), 0 left on base; Newport News HS 3 - Oceanside HS 6 |
TOP OF THE 9TH |
Newport News HS Paints batting - Pitching for Oceanside HS Pirates : LHP Henry Bell
|
Pitching: RHP Harley Sandberg
|
|
Batting: RHB Todd McDaniel
|
0-0: Called Strike 0-1: Fly out, F8 (Flyball, 8RM)
|
Batting: SHB Craig Young
|
0-0: Called Strike 0-1: Ball 1-1: Ball 2-1: Foul Ball, location: 2F 2-2: Ball 3-2: SINGLE (Line Drive, 8LS)
|
Batting: SHB Tommy Goodman
|
0-0: Foul Ball, location: 2F 0-1: Called Strike 0-2: Ball 1-2: Ball 2-2: SINGLE (Groundball, 34D) Craig Young to second
|
Batting: LHB Mark Wilson
|
0-0: Foul Ball, location: 2F 0-1: Ball 1-1: Foul Ball, location: 2F 1-2: Ball 2-2: Foul Ball, location: 2F 2-2: Foul Ball, location: 2F 2-2: Foul Ball, location: 2F 2-2: Strikes out swinging
|
Batting: RHB Arthur Wilson
|
0-0: Ball 1-0: Ball 2-0: Ball 3-0: Base on Balls Craig Young to third Tommy Goodman to second
|
Batting: LHB William Donnelly
|
0-0: Called Strike 0-1: Ball 1-1: Foul Ball, location: 2F 1-2: Ball 2-2: Foul Ball, location: 2F 2-2: Foul Ball, location: 2F 2-2: Ball 3-2: DOUBLE (Line Drive, 9LM) Craig Young scores Tommy Goodman scores Arthur Wilson to third Arthur Wilson scores
|
Pitching: RHP Greg Rutherford
|
|
Batting: RHB Seth O'Toole
|
0-0: Ball 1-0: Foul Ball, location: 2F 1-1: Ball 2-1: Ball 3-1: Fly out, F7 (Flyball, 78M)
|
Top of the 9th over - 3 run(s), 3 hit(s), 0 error(s), 1 left on base; Newport News HS 6 - Oceanside HS 6 |
BOTTOM OF THE 9TH |
Oceanside HS Pirates batting - Pitching for Newport News HS Paints : RHP Robby Robinson
|
Batting: LHB Ron Young
|
0-0: Ball 1-0: Ball 2-0: Called Strike 2-1: Foul Ball, location: 2F 2-2: Ball 3-2: Base on Balls
|
Batting: RHB Howard Brown
|
0-0: Swinging Strike 0-1: Sac Bunt - play at first, batter OUT! 2-4 Ron Young to second
|
Batting: RHB Norm Walker
|
0-0: Ball Ron Young steals 3rd base 1-0: Intentional Walk
|
Batting: RHB Heath Jones
|
0-0: Ball 1-0: Called Strike 1-1: Foul Ball, location: 2F 1-2: Ball 2-2: Strikes out swinging
|
Batting: LHB Frank Byrd
|
0-0: Ball 1-0: Ball 2-0: Ball Wild Pitch! Ron Young scores
|
Thursday, March 30th, 2017 - OOTP Baseball 17.12 Build 75
|
|